 Dungeon Crawl Stone Soup version 0.20.0-8-g6b59dc7 (webtiles) character file.

32375 Chiseanne the Fighter (level 13, -1/107 HPs)
             Began as a Demonspawn Wanderer on June 2, 2017.
             Was an Initiate of Gozag.
             Killed from afar by a ynoxinul (22 damage)
             ... with an iron shot
             ... summoned by an orc high priest
             ... on level 2 of the Orcish Mines.
             The game lasted 00:43:51 (21349 turns).

Chiseanne the Fighter (Demonspawn Wanderer)        Turns: 21349, Time: 00:43:52

Health: -1/107     AC: 26    Str: 13    XL:     13   Next: 31%
Magic:  13/13      EV: 18    Int: 11    God:    Gozag
Gold:   319        SH:  4    Dex: 18    Spells: 12/12 levels left

rFire    + . .     SeeInvis +   w - +9 triple crossbow "Kion" {penet, rF+}
rCold    + . .     Gourm    .   (shield currently unavailable)
rNeg     . . .     Faith    .   Q - +3 swamp dragon scales
rPois    +         Spirit   .   (helmet unavailable)
rElec    .         Reflect  +   O - +1 cloak (curse)
rCorr    .         Harm     .   y - +0 pair of gloves
MR       +....                  (no boots)
Stlth    +.........             N - +4 amulet of reflection
Regen    0.3/turn               M - ring of protection from magic
MPRegen  0.2/turn               P - ring of protection from cold

@: sanguine armour, drained
A: antennae 3, spiny 2, weak 1, augmentation 1, rot immunity, sanguine armour 2
a: Potion Petition, Call Merchant, Bribe Branch, Renounce Religion


You were on level 2 of the Orcish Mines.
You worshipped Gozag.
Gozag was aware of your devotion.
You were not hungry.

You visited 2 branches of the dungeon, and saw 15 of its levels.
You also visited: Ossuary.

You collected 7368 gold pieces.
You spent 3416 gold pieces at shops.
You paid 3633 gold pieces to Gozag.

Inventory:

Hand Weapons
 a - the +5 scythe of Plog {slice, rN+ Str+6 Int+2}
   (You bought it in a shop on level 9 of the Dungeon)

   It inflicts extra damage upon your enemies.
   It affects your strength (+6).
   It affects your intelligence (+2).
   It protects you from negative energy.
 s - a +2 mace of protection
 w - the +9 triple crossbow "Kion" (weapon) {penet, rF+}
   (You bought it in a shop on level 5 of the Dungeon)

   Ammo fired by it will pass through the targets it hits, potentially hitting
   all targets in its path until it reaches maximum range.
   It protects you from fire.
Missiles
 t - 8 throwing nets {!*}
 H - 66 bolts (quivered)
Armour
 y - a +0 pair of gloves (worn)
 O - a cursed +1 cloak (worn)
 Q - +3 swamp dragon scales (worn)
Jewellery
 m - an uncursed ring of flight
 M - a ring of protection from magic (left hand)
 N - a +4 amulet of reflection (around neck)
 P - a ring of protection from cold (right hand)
Wands
 x - a wand of acid (0/15)
 z - a wand of digging (8/24)
 J - a wand of enslavement (24/24)
Scrolls
 e - a scroll of enchant armour
 f - 3 scrolls of fear
 k - 4 scrolls of immolation
 n - 5 scrolls of recharging
 q - 2 scrolls of identify
 u - a scroll of brand weapon
 C - 4 scrolls of teleportation
 F - 5 scrolls of amnesia
 I - 4 scrolls of magic mapping
 K - a scroll of silence
 L - 3 scrolls of remove curse
Potions
 b - 8 potions of curing
 c - 4 potions of flight
 d - a potion of agility
 g - 3 potions of haste
 j - 4 potions of brilliance
 l - 3 potions of heal wounds
 p - a potion of cancellation
 r - a potion of magic
 v - 4 potions of berserk rage
 A - a potion of ambrosia
 G - 3 potions of might
Books
 R - a book of Frost

   Spells                             Type                      Level
   a - Freeze                         Ice                          1
   b - Throw Frost                    Conjuration/Ice              2
   c - Ozocubu's Armour               Charms/Ice                   3
   d - Throw Icicle                   Conjuration/Ice              4
   e - Summon Ice Beast               Ice/Summoning                4
Miscellaneous
 D - a lightning rod (4/4)
Comestibles
 i - 7 meat rations
 B - 3 bread rations
 E - a royal jelly


   Skills:
 - Level 11.8(11.3) Fighting
 - Level 1.0(0.6) Maces & Flails
 * Level 3.7(3.3) Polearms
 * Level 9.5(9.0) Crossbows
 - Level 1.0(0.6) Throwing
 * Level 11.3(10.8) Armour
 * Level 10.7(10.2) Dodging
 - Level 1.0(0.6) Evocations


You had 12 spell levels left.
You didn't know any spells.

Dungeon Overview and Level Annotations

Branches:
Dungeon (13/15)            Temple (0/1) D:6            Lair (0/6) D:11
    Orc (2/2) D:9             Elf (0/3) Orc:2
 Vaults: D:13-14

Altars:
Ashenzari
Elyvilon
Gozag
Hepliaklqana
Qazlal
Trog
Uskayaw
Xom
Beogh

Shops:
D:2 *   D:5 *(   D:9 ((   D:10 !   Orc:1 *   Orc:2 *%

Portals:
Trove: D:11 (give 2 scrolls of acquirement)

Annotations:
Orc:1 1 exclusion


Innate Abilities, Weirdness & Mutations

You have a pair of large antennae on your head. (SInv)
You are mostly covered in sharp spines.
Your magical and physical power is slightly enhanced at high health.
You are immune to rotting.
When seriously injured, your bleeding wounds create thick armour. (AC +9)
You are weak. (Str -2)


Message History

The torturous demonspawn is severely wounded.
The bolt barely misses the ynoxinul.
The bolt closely misses the orc high priest.
The torturous demonspawn hits you but does no damage.
Firing (i - inventory. (,) - cycle):
H - 67 bolts (quivered)
Press: ? - help, Shift-Dir - straight line, f/p - orc high priest
Aim: an orc high priest, wielding a war axe (heavily wounded)
You shoot a bolt.
The bolt closely misses the torturous demonspawn.
The bolt closely misses the ynoxinul.
The bolt pierces through the orc high priest!!
The orc high priest is almost dead.
The ynoxinul is no longer distracted by gold.
The torturous demonspawn hits you from afar with a demon trident!!
* * * LOW HITPOINT WARNING * * *
The torturous demonspawn completely misses you.
The ynoxinul gestures at you. The iron shot hits you!
You die...
Your body crumbles into a pile of gold.

.[.###...# { { {
##...###.......
..###.#.##( {{
##.#.###...... .## ...#
.(# { ##[..###..... ..#
#..# {{##)#.###.)....
.## #(4###
{##.).###....... ##
#.o#. ##)..###.#......
36$##...###.#.......
...#3#$#...###.........#
#......@).###.........#.
##.#..(#.###{...........
#.....###...........#.
##...###..............
####.###{.....#........
#.#####......##..#.....
##.###.................
#...#..#...............
##.#.##................


You could see an orc high priest, a torturous demonspawn, a smoke demon, a
ynoxinul and a chaos spawn.

Vanquished Creatures
  Fannar (D:11)
  A centaur warrior (D:10)
  2 two-headed ogres
  2 orc high priests (Orc:2)
  2 soul eaters (Orc:2)
  2 unseen horrors (D:10)
  An infernal demonspawn (Orc:2)
  4 orc knights
  2 cyclopes (D:11)
  8 orc sorcerers
  2 ugly things (D:11)
  2 orange demons (Orc:2)
  8 trolls
  A hellwing (Orc:2)
  An ice devil (Orc:2)
  2 hornets (D:12)
  A hippogriff (D:8)
  A shadow (D:10)
  Sigmund (D:3)
  A wraith (D:12)
  A ynoxinul (Orc:2)
  14 yaks
  Grum (D:8)
  2 wyverns
  8 vampire mosquitoes
  A soldier ant (D:12)
  Duvessa (D:7)
  34 orc warriors
  A swamp drake (D:9)
  3 sky beasts
  2 ice beasts
  A phantom (D:9)
  A black bear (D:7)
  A necrophage (D:13)
  An eye of draining (D:10)
  10 ogres
  7 centaurs
  2 wolves (D:8)
  A big kobold (D:9)
  4 bullfrogs
  A wyvern zombie (D:12)
  A gnoll sergeant (D:7)
  An elf zombie (D:5)
  2 elf skeletons (D:5)
  Dowan (D:7)
  11 scorpions
  4 killer bees (D:10)
  4 wights (D:12)
  3 howler monkeys (D:8)
  2 crimson imps
  4 bullfrog zombies
  A human zombie (D:5)
  5 centaur zombies
  3 jellies
  Crazy Yiuf (D:5)
  30 orc priests
  5 hounds
  24 orc wizards
  2 bullfrog skeletons
  A centaur skeleton (D:7)
  3 iguanas
  7 worker ants
  4 big kobold zombies (Ossuary)
  A hound zombie (D:9)
  4 hound skeletons
  3 mummies (Ossuary)
  9 scorpion zombies (Ossuary)
  16 gnolls
  A howler monkey skeleton (D:11)
  14 adders
  A shadow imp (D:12)
  An adder skeleton (D:8)
  An adder zombie (D:5)
  4 worms
  2 dart slugs (D:1)
  7 leopard geckos
  86 orcs
  A ball python (D:2)
  12 bats
  3 giant cockroaches
  7 goblins
  9 hobgoblins
  22 jackals
  4 quokkas
  3 frilled lizards (D:2)
  2 gnoll zombies (Ossuary)
  3 goblin zombies (Ossuary)
  2 hobgoblin zombies (Ossuary)
  10 kobolds
  A leopard gecko skeleton (D:5)
  2 orc skeletons (D:5)
  2 orc zombies (Ossuary)
  4 quokka zombies
  7 rats
505 creatures vanquished.

Vanquished Creatures (others)
  An orc knight (Orc:2)
1 creature vanquished.

Grand Total: 506 creatures vanquished

Notes
Turn   | Place    | Note
-------+----------+-------------------------------------------
     0 | D:1      | Chiseanne the Demonspawn Wanderer began the quest for the Orb.
     0 | D:1      | Chiseanne set off with: a +2 mace, 2 potions of curing, a +0 robe, a bread ration
     0 | D:1      | Reached XP level 1. HP: 19/19 MP: 1/1
   174 | D:1      | Reached skill level 1 in Dodging
   214 | D:1      | Gained mutation: You are immune to rotting. [demonic ancestry]
   214 | D:1      | Reached XP level 2. HP: 25/25 MP: 2/2
   234 | D:1      | Found a shattered altar of Ashenzari.
   805 | D:2      | Gained mutation: When seriously injured, your bleeding wounds create armour. (AC +9) [demonic ancestry]
   805 | D:2      | Reached XP level 3. HP: 26/31 MP: 3/3
   925 | D:2      | Found a stormy altar of Qazlal.
   942 | D:2      | Found an opulent altar of Gozag.
   946 | D:2      | Found Gozag's Platinum Reserve.
   958 | D:2      | Became a worshipper of Gozag Ym Sagoz the Greedy
  1258 | D:2      | Found a white marble altar of Elyvilon.
  1274 | D:2      | Gained mutation: You have a pair of small antennae on your head. [demonic ancestry]
  1274 | D:2      | Reached XP level 4. HP: 27/38 MP: 4/4
  1302 | D:2      | Found a faded altar of an unknown god.
  1414 | D:2      | Found a shattered altar of Ashenzari.
  1523 | D:2      | Found a bloodstained altar of Trog.
  1882 | D:3      | Noticed Sigmund
  1885 | D:3      | Reached skill level 5 in Fighting
  1901 | D:3      | Killed Sigmund
  1901 | D:3      | Reached XP level 5. HP: 26/44 MP: 5/5
  1911 | D:3      | Gained mutation: When seriously injured, your bleeding wounds create thick armour. (AC +9) [demonic ancestry]
  1911 | D:3      | Reached XP level 6. HP: 31/51 MP: 6/6
  3110 | D:4      | Found a hazy altar of Hepliaklqana.
  3111 | D:4      | Found a shimmering altar of Xom.
  3111 | D:4      | Noticed a hell beast
  3112 | D:4      | Noticed a spectral ugly thing
  3112 | D:4      | Noticed a hell beast
  3216 | D:4      | Gained mutation: You are partially covered in sharp spines. [demonic ancestry]
  3216 | D:4      | Reached XP level 7. HP: 29/58 MP: 7/7
  3457 | D:4      | Found a hide-covered altar of Uskayaw.
  3541 | D:5      | Entered Level 5 of the Dungeon
  3631 | D:5      | Found a sand-covered staircase.
  3685 | Ossuary  | Entered an ossuary
  3741 | Ossuary  | Reached skill level 5 in Armour
  4386 | Ossuary  | Identified a scroll of acquirement
  4416 | Ossuary  | Reached XP level 8. HP: 44/65 MP: 8/8
  4825 | Ossuary  | Reached skill level 5 in Dodging
  5548 | D:5      | Bought a scroll of identify for 30 gold pieces
  5550 | D:5      | Bought the +9 triple crossbow "Kion" {penet, rF+} for 1176 gold pieces
  5553 | D:5      | Bought a scroll of silence for 112 gold pieces
  5889 | D:5      | Reached skill level 1 in Crossbows
  6059 | D:5      | Found a runed door.
  6483 | D:5      | Noticed Crazy Yiuf
  6484 | D:5      | Killed Crazy Yiuf
  6565 | D:6      | Found a stormy altar of Qazlal.
  6997 | D:5      | Bought +2 swamp dragon scales for 930 gold pieces
  7109 | D:6      | Found a staircase to the Ecumenical Temple.
  7291 | D:7      | Gained mutation: You have a pair of antennae on your head. [demonic ancestry]
  7291 | D:7      | Reached XP level 9. HP: 74/74 MP: 9/9
  7331 | D:7      | Noticed Duvessa
  7333 | D:7      | Noticed Dowan
  7335 | D:7      | Killed Duvessa
  7339 | D:7      | Killed Dowan
  8694 | D:8      | Noticed Grum
  8701 | D:8      | Killed Grum
  8746 | D:8      | Gained mutation: You have a pair of large antennae on your head. (SInv) [demonic ancestry]
  8746 | D:8      | Reached XP level 10. HP: 73/83 MP: 10/10
 10735 | D:9      | Reached skill level 5 in Crossbows
 11410 | D:9      | Found a staircase to the Orcish Mines.
 11693 | D:10     | Entered Level 10 of the Dungeon
 11696 | D:10     | Noticed an unseen horror
 11713 | D:10     | Killed an unseen horror
 11846 | D:10     | Reached skill level 10 in Fighting
 11851 | D:10     | Noticed a centaur warrior
 11861 | D:10     | Killed a centaur warrior
 11861 | D:10     | Reached XP level 11. HP: 65/90 MP: 11/11
 12225 | D:10     | Found Zerim's Distillery.
 12228 | D:10     | Noticed an unseen horror
 12240 | D:10     | Killed an unseen horror
 12284 | D:10     | Noticed a two-headed ogre
 12289 | D:10     | Killed a two-headed ogre
 12723 | D:11     | Noticed a cyan ugly thing
 12736 | D:11     | Killed a cyan ugly thing
 12887 | D:11     | Noticed a brown ugly thing
 12905 | D:11     | Killed a brown ugly thing
 13897 | D:11     | Noticed a two-headed ogre
 13911 | D:11     | Killed a two-headed ogre
 13911 | D:11     | Reached skill level 10 in Armour
 13911 | D:11     | Gained mutation: Your magical and physical power is slightly enhanced at high health. [demonic ancestry]
 13911 | D:11     | Reached XP level 12. HP: 47/100 MP: 12/12
 14193 | D:11     | Found a portal to a secret trove of treasure.
 14279 | D:11     | Noticed Fannar
 14287 | D:11     | Killed Fannar
 14360 | D:11     | Found a staircase to the Lair.
 15760 | D:13     | Noticed a death knight
 16263 | Orc:1    | Entered Level 1 of the Orcish Mines
 17545 | Orc:1    | Found Nouduo's General Store.
 17706 | Orc:1    | Found a bloodstained altar of Trog.
 17770 | Orc:2    | Entered Level 2 of the Orcish Mines
 17778 | Orc:2    | Reached skill level 10 in Dodging
 18052 | D:9      | Bought the +5 scythe of Plog {slice, rN+ Str+6 Int+2} for 920 gold pieces
 18857 | Orc:1    | Reached skill level 1 in Polearms
 19300 | Orc:2    | Found Upnaizxa's General Store.
 19304 | Orc:2    | Found Igrud's Food Shop.
 19724 | Orc:2    | Bought a scroll of magic mapping for 56 gold pieces
 19724 | Orc:2    | Bought a scroll of identify for 32 gold pieces
 19724 | Orc:2    | Bought a potion of haste for 160 gold pieces
 19771 | Orc:2    | Gained mutation: You are mostly covered in sharp spines. [demonic ancestry]
 19771 | Orc:2    | Reached XP level 13. HP: 36/107 MP: 13/13
 20728 | Orc:2    | Gained mutation: You are weak. (Str -2) [a neqoxec]
 21077 | Orc:2    | Found a roughly hewn altar of Beogh.
 21231 | Orc:2    | Found a staircase to the Elven Halls.
 21349 | Orc:2    | Killed from afar by a ynoxinul

Skill      XL: |  1  2  3  4  5  6  7  8  9 10 11 12 13 |
---------------+----------------------------------------+-----
Dodging        | 1 2 3 4 5 6 8 9 10 | 10.7
Armour         | 3 4 5 6 7 8 10 11 | 11.3
Fighting       | 5 6 7 9 10 11 | 11.8
Crossbows      | 2 4 6 7 9 |  9.5
Polearms       | 2 3 |  3.7
Maces & Flails | |  1.0
Throwing       | |  1.0
Evocations     | |  1.0

Action                   |  1- 3 |  4- 6 |  7- 9 | 10-12 | 13-15 || total
-------------------------+-------+-------+-------+-------+-------++-------
Melee: Mace              |    90 |   168 |   387 |   596 |       ||  1241
       Scythe            |       |       |       |    92 |    42 ||   134
 Fire: Triple crossbow   |       |       |    11 |    91 |    38 ||   140
Invok: Call Merchant     |       |       |     2 |     2 |       ||     4
Evoke: Wand              |       |       |       |     6 |       ||     6
  Use: Potion            |       |     1 |     3 |     4 |     1 ||     9
       Scroll            |       |    14 |    17 |     6 |     2 ||    39
 Stab: Distracted        |       |       |     2 |     3 |       ||     5
  Eat: Fruit             |     3 |     3 |     4 |     3 |       ||    13
       Royal jelly       |       |     1 |       |     6 |     4 ||    11
       Bread ration      |       |     1 |     3 |     2 |       ||     6
       Meat ration       |       |       |       |     2 |       ||     2
Armor: Ring mail         |    41 |    83 |   101 |       |       ||   225
       Leather armour    |     1 |       |       |       |       ||     1
       Swamp dragon scal |       |       |    67 |   326 |    38 ||   431
Dodge: Dodged            |    65 |   191 |   266 |   725 |    65 ||  1312
Block: Other             |       |       |    12 |   208 |    16 ||   236
       Reflection        |       |       |       |     3 |     2 ||     5
